 Dungeon Crawl Stone Soup version 0.30.0-5-g1a98f26d00 (webtiles) character file.

Game seed: 7597558041359259215

6 SnakkuSnakku7 the Magician (level 1, -1/11 HPs)
             Began as a Deep Elf Transmuter on May 11, 2023.
             Slain by a quokka (3 damage)
             ... on level 1 of the Dungeon.
             The game lasted 00:00:30 (221 turns).

SnakkuSnakku7 the Magician (Deep Elf Transmuter)     Turns: 221, Time: 00:00:31

Health: -1/11      AC:  2    Str:  7    XL:     1   Next: 75%
Magic:  6/6        EV: 12    Int: 17    God:
Gold:   12         SH:  0    Dex: 15    Spells: 5/6 levels left

rFire   . .          .
                       - Unarmed
rCold   . . .        (no shield)
rNeg    . . .        a - +0 robe
rPois   .            (helmet currently unavailable)
rElec   .            (no cloak)
rCorr   .            (no gloves)
SInv    .            (boots currently unavailable)
Will    .....        (no amulet)
Stlth   +            (no ring)
HPRegen 0.21/turn    (no ring)
MPRegen 0.10/turn

%: no passive effects
@: appendages (expiring)
A: horns 2, talons 2
a: End Transformation


You were on level 1 of the Dungeon.
You had temporarily grown beastly horns and talons.
You visited 1 branch of the dungeon, and saw 1 of its levels.

You collected 12 gold pieces.

Inventory:

Missiles
 f - 6 poisoned darts
Armour
 a - a +0 robe (worn)
Magical Staves
 d - a staff of air
Scrolls
 c - 2 scrolls of noise {unknown}
Potions
 b - a potion of lignification
 e - a potion of haste {unknown}


   Skills:
 - Level 0.7 Fighting
 - Level 2.4 Dodging
 + Level 2.6 Unarmed Combat
 - Level 3.0 Spellcasting
 + Level 2.5 Transmutations


You had 5 spell levels left.
You knew the following spells:

 Your Spells              Type           Power      Damage    Failure   Level
a - Beastly Appendage     Tmut           22%        N/A       6%          1

Your spell library contained the following spells:

 Spells                   Type           Power      Damage    Failure   Level
 Wereblood                Tmut           11%        N/A       10%         2
 Spider Form              Tmut/Pois      6%         N/A       30%         3
 Ice Form                 Ice/Tmut       6%         N/A       71%         4


Dungeon Overview and Level Annotations

Branches:
Dungeon (1/15)

Altars:


Innate Abilities, Weirdness & Mutations

You have temporarily grown beastly horns and talons.


Message History

You open the door.
There is an open door here.
You open the door.
There is an open door here.
A quokka comes into view.
A quokka is nearby!
Casting: Beastly Appendage (safe; 6% risk of failure)
Confirm with . or Enter, or press ? or * to list all spells.
You grow a pair of large bovine horns.
Your feet morph into talons.
The helpless quokka fails to defend itself.
You hit the quokka.
The quokka is moderately wounded.
The quokka closely misses you.
You closely miss the quokka. Your headbutt misses the quokka.
The quokka is moderately wounded.
The quokka bites you.
You closely miss the quokka. Your headbutt misses the quokka.
The quokka is moderately wounded.
The quokka bites you.
You barely miss the quokka. Your kick misses the quokka.
Your headbutt misses the quokka.
The quokka is moderately wounded.
The quokka twitches its whiskers.
The quokka bites you.
* * * LOW HITPOINT WARNING * * *
You hit the quokka. Your kick misses the quokka.
The quokka is severely wounded.
The quokka misses you.
You closely miss the quokka. Your kick misses the quokka.
Your headbutt misses the quokka.
The quokka is severely wounded.
The quokka completely misses you.
You barely miss the quokka.
The quokka is severely wounded.
Your transformation is almost over.
The quokka misses you.
You hit the quokka. Your kick misses the quokka. Your punch misses the quokka.
The quokka is almost dead.
The quokka bites you.
You die...

### ### #.. .(# #.# #.#
#.######.# #r##...#.#
###.#@##...#.#######.
#......'...'.........
......####...#.#######.
....#.# #...#.# ... #.#
#####.##### .. #.#
#.....# #. #.# #.....+
##. #.# ##....# #.. #.#
##....#


You could see a quokka.

Vanquished Creatures
  A hobgoblin (D:1)
  2 ball pythons (D:1)
  3 frilled lizards (D:1)
  A kobold (D:1)
  A rat (D:1)
8 creatures vanquished.

Notes
Turn   | Place    | Note
-------+----------+-------------------------------------------
     0 | D:1      | SnakkuSnakku7 the Deep Elf Transmuter began the quest for
                  | the Orb.
     0 | D:1      | Reached XP level 1. HP: 11/11 MP: 6/6
   221 | D:1      | Slain by a quokka

Illustrated notes

Levels and vault maps discovered:
D:1:      elethiomel_arrival_maze, layout_basic,
          nicolae_concentric_dashed_squares_wild, minmay_pentomino_x2

Action                     || total
---------------------------++-------
  Melee: Unarmed           ||    26
         Kick              ||     5
         Headbutt          ||     1
         Punch             ||     1
   Cast: Beastly Appendage ||     5
   Stab: Sleeping          ||     1
 Armour: Robe              ||     2
  Dodge: Dodged            ||     9
